 Dungeon Crawl Stone Soup version 0.30-a0-830-gfe289a77b0 (webtiles) character file.

Game seed: 16267980847617333834

290 Monkooky the Magician (level 6, -4/40 HPs)
             Began as a Djinni Venom Mage on Feb 28, 2023.
             Was an Initiate of Dithmenos.
             Killed from afar by a white imp (15 damage)
             ... with a puff of frost
             ... on level 5 of the Dungeon.
             The game lasted 00:07:35 (3356 turns).

Monkooky the Magician (Djinni Venom Mage)           Turns: 3356, Time: 00:07:36

Health: -4/40      AC:  3    Str:  7    XL:     6   Next: 58%
Gold:   263        EV: 27    Int: 24    God:    Dithmenos [......] SH:  0 Dex: 14

rFire   + + .      SeeInvis +    t - +4 trident (protect)
rCold   x . .      Faith    .    (no shield)
rNeg    . . .      Spirit   .    a - +0 robe
rPois   ∞          Reflect  .    (no helmet)
rElec   .          Harm     .    j - +0 cloak
rCorr   .          Rampage  .    (no gloves)
Will    .....                    (boots unavailable)
Stlth   ++                       e - amulet of the acrobat
HPRegen 0.26/turn                i - ring of see invisible
MPRegen 0.00/turn                u - +6 ring of intelligence

@: acrobatic, flying
A: sickness immunity, fire resistance 2, cold vulnerability 1, float, innate
caster, HP casting, extra vitality 1
a: Renounce Religion


You were on level 5 of the Dungeon.
You worshipped Dithmenos.
Dithmenos was noncommittal.
You visited 1 branch of the dungeon, and saw 5 of its levels.

You collected 263 gold pieces.

Inventory:

Hand Weapons
 b - a +0 flail
 k - a +1 dagger of flaming
 t - a +4 trident of protection (weapon)
Armour
 a - a +0 robe (worn)
 j - a +0 cloak (worn)
Jewellery
 e - an amulet of the acrobat (around neck)
 i - a ring of see invisible (left hand)
 u - a +6 ring of intelligence (right hand)
Scrolls
 c - 2 scrolls of enchant weapon {unknown}
 d - a scroll of blinking {unknown}
 g - a scroll of poison
 n - a scroll of identify {unknown}
 o - a scroll of enchant armour {unknown}
 r - a scroll of vulnerability {unknown}
 s - a scroll of teleportation {unknown}
Potions
 f - a potion of curing {unknown}
 h - a potion of might {unknown}
 l - a potion of flight {unknown}
 m - a potion of lignification {unknown}
 q - 2 potions of heal wounds {unknown}
 v - 2 potions of attraction {unknown}


   Skills:
 - Level 2.1 Dodging
 - Level 1.5 Stealth
 + Level 5.3 Spellcasting


You knew the following spells:

 Your Spells              Type           Power      Damage    Failure   Level
a - Sting                 Tmut/Pois      100%       1d8       1%          1
b - Poisonous Vapours     Pois/Air       64%        N/A       1%          2
c - Mephitic Cloud        Conj/Pois/Air  32%        N/A       2%          3
d - Olgreb's Toxic Radia  Pois           32%        N/A       10%         4
e - Shock                 Conj/Air       100%       1d9       1%          1
f - Searing Ray           Conj           64%        2d6       1%          2
Your spell library was empty.

Dungeon Overview and Level Annotations

Branches:
Dungeon (5/15)
 Temple: D:4-7

Altars:
Dithmenos


Innate Abilities, Weirdness & Mutations

You are immune to sickness and miasma.
You are immune to poison.
Your flesh is very heat resistant. (rF++)
You are vulnerable to cold. (rC-)
You float through the air rather than walking.
You learn spells naturally, not from books.
Your magical power is your life essence.
You have superior vitality. (+4 MHP)


Message History

You aren't carrying any items that you can evoke.
As you read the scroll of fog, it crumbles to dust.
The scroll dissolves into smoke.
The white imp gestures at you. The puff of frost hits you.
You feel a terrible chill!
* * * LOW HITPOINT WARNING * * *
There is a stone staircase leading up here.
You fly upwards.
There is a stone staircase leading down here.
You start resting.
HP restored.
You fly downwards.
There is a stone staircase leading up here.
You closely miss the white imp. The white imp gestures at you.
The puff of frost hits you.
You feel a terrible chill!
The white imp shouts, "Submit, thou mewling dizzy-eyed cross-patch!"
The white imp gestures at you. The puff of frost hits you!
You feel a terrible chill!
You barely miss the white imp. The white imp hits you.
The white imp freezes you!
You feel a terrible chill!
You aren't carrying any items that you can evoke.
Casting: Sting (safe; 1% risk of failure)
Confirm with . or Enter, or press ? or * to list all spells.
Aiming: Searing Ray (safe; 1% risk of failure)
Press: ? - help, Shift-Dir - straight line, f - white imp
Aim: a white imp (81% to hit)
The searing ray hits the white imp!
The white imp is severely wounded. (Press . to maintain the ray.)
* * * LOW HITPOINT WARNING * * *
The white imp gestures at you. The puff of frost misses you.
The searing ray hits the white imp but does no damage.
The white imp is severely wounded.
* * * LOW HITPOINT WARNING * * *
The white imp grinds its teeth.
The white imp gestures at you. The puff of frost hits you!
You feel a terrible chill!
You die...

#....# #....#
#..[.#
#..!.#######
+..........#
#...........
#.........$.
#..†5.......
#..@........
#.<........#
#..........#
.............#
.....#+######+##
...... ......
..... ...>.


You could see a white imp.

Vanquished Creatures
  Blork the orc (D:4)
  A necrophage (D:4)
  A jelly (D:4)
  An iguana (D:4)
  Jessica (D:3)
  An adder (D:4)
  2 worms (D:3)
  2 orcs
  5 endoplasms
  3 giant cockroaches
  9 goblins
  10 hobgoblins
  3 quokkas
  5 ball pythons
  4 bats
  3 frilled lizards
  13 kobolds
  5 rats
70 creatures vanquished.

Notes
Turn   | Place    | Note
-------+----------+-------------------------------------------
     0 | D:1      | Monkooky the Djinni Venom Mage began the quest for the Orb.
     0 | D:1      | Monkooky set off with the following spells memorised:
                  | Sting, Poisonous Vapours, Mephitic Cloud, Olgreb's Toxic
                  | Radiance.
     0 | D:1      | Reached XP level 1. HP: 15/15 MP: 0/0
   119 | D:1      | Reached XP level 2. HP: 19/21 MP: 0/0
   207 | D:1      | Reached skill level 3 in Spellcasting
   282 | D:1      | Reached XP level 3. HP: 14/25 MP: 0/0
   282 | D:1      | Learned a level 1 spell: Shock
  1292 | D:2      | Found a shadowy altar of Dithmenos.
  1479 | D:2      | Became a worshipper of Dithmenos the Shadowed
  1506 | D:3      | Noticed Jessica
  1515 | D:3      | Killed Jessica
  1516 | D:3      | Reached XP level 4. HP: 24/31 MP: 0/0
  1983 | D:4      | Reached skill level 4 in Spellcasting
  1983 | D:4      | Reached XP level 5. HP: 24/35 MP: 0/0
  1983 | D:4      | Learned a level 2 spell: Searing Ray
  2190 | D:4      | Noticed Blork the orc
  2372 | D:3      | Reached XP level 6. HP: 38/40 MP: 0/0
  2841 | D:4      | Killed Blork the orc
  2842 | D:4      | Reached skill level 5 in Spellcasting
  3217 | D:5      | Entered Level 5 of the Dungeon
  3356 | D:5      | Killed from afar by a white imp

Illustrated notes

Levels and vault maps discovered:
D:1:      dpeg_arrival_renting, layout_basic, minmay_heptomino_h4
D:2:      layout_rooms, basic_altar
D:3:      layout_basic, uniq_jessica
D:4:      cheibrodos_quashed, layout_cave_pools, hex_medium, uniq_blork_the_orc
D:5:      layout_gridville, okawaru_metal_pillars_1_2, st_stairs_8,
          nicolae_concentric_dashed_squares_mild, uniq_sigmund, uniq_eustachio

Skill      XL: |  1  2  3  4  5  6 |
---------------+-------------------+-----
Spellcasting   | 3 4 5 |  5.3
Dodging        | |  2.1
Stealth        | |  1.5

Action                     |  1- 3 |  4- 6 || total
---------------------------+-------+-------++-------
  Melee: Flail             |     3 |       ||     3
         Dagger            |     1 |    25 ||    26
         Punch             |       |     1 ||     1
         Trident           |       |    11 ||    11
   Cast: Sting             |    69 |    33 ||   102
         Shock             |     2 |     7 ||     9
         Mephitic Cloud    |     1 |     3 ||     4
         Poisonous Vapours |     1 |       ||     1
         Searing Ray       |       |     3 ||     3
         Olgreb's Toxic Ra |       |     2 ||     2
    Use: Scroll            |       |     3 ||     3
   Stab: Sleeping          |       |     3 ||     3
 Armour: Robe              |     3 |    11 ||    14
  Dodge: Dodged            |    14 |    49 ||    63

Table legend: (Time is in decaauts)
 A = Elapsed time spent in this place.
 B = Non-inter-level travel time spent in this place.
 C = Inter-level travel time spent in this place.
 D = Time resting spent in this place.
 E = Time spent auto-exploring this place.
 F = Levels seen in this place.
 G = Mean time per level.
                   A        B        C        D        E       F      G
               +--------+--------+--------+--------+--------+-----+--------+
         Total |   3359 |   3193 |    166 |    266 |   2375 |   5 |  671.8 |
       Dungeon |   3359 |   3193 |    166 |    266 |   2375 |   5 |  671.8 |
               +--------+--------+--------+--------+--------+-----+--------+

Top non-repeatable levels by time:
     D:3: 1030 daAuts
     D:1: 892 daAuts
     D:4: 821 daAuts
     D:2: 597 daAuts
     D:5: 17 daAuts
